 Dungeon Crawl Stone Soup version 0.24.0-123-gd5b16e6ec5 (console) character file.

Game seed: 2556419971500231789, levelgen mode: deterministic

38635 AlterAsc the Brawler (level 13, -2/108 HPs)
             Began as a Demonspawn Gladiator on Jan 25, 2020.
             Was a High Priest of Wu Jian.
             Slain by a spiny frog (12 damage)
             ... on level 6 of the Lair of Beasts.
             The game lasted 01:04:27 (24088 turns).

AlterAsc the Brawler (Demonspawn Gladiator)        Turns: 24088, Time: 01:04:27

Health: -2/108     AC: 16    Str: 20    XL:     13   Next: 64%
Magic:  16/16      EV: 14    Int: 10    God:    Wu Jian [*****.]
Gold:   1058       SH:  7    Dex: 14    Spells: 10/12 levels left

rFire    + . .     SeeInvis +     - Unarmed
rCold    + . .     Gourm    .   e - +2 buckler {rC+}
rNeg     . . .     Faith    .   b - +4 ring mail {rF+}
rPois    +         Spirit   .   X - +0 mask of the Dragon {MR+ Slay+3 SInv}
rElec    .         Reflect  .   n - +2 cloak
rCorr    .         Harm     .   (no gloves)
MR       +....                  a - +0 pair of boots {Stlth+}
Stlth    +++.......             (no amulet)
HPRegen  0.28/turn              k - +1 ring of slaying
MPRegen  0.15/turn              H - ring of poison resistance

@: about to teleport
A: horns 2, thin metallic scales 1, nightstalker 1, rot immunity
a: Wall Jump, Serpent's Lash, Heavenly Storm, Renounce Religion


You were on level 6 of the Lair of Beasts.
You worshipped Wu Jian.
Wu Jian was extremely pleased with you.
You were not hungry.

You visited 3 branches of the dungeon, and saw 17 of its levels.
You also visited: Volcano.

You collected 1113 gold pieces.
You spent 55 gold pieces at shops.

Inventory:

Hand Weapons
 E - a +0 shortbow of flaming
Missiles
 F - 282 arrows
Armour
 a - a +0 pair of boots of stealth (worn)
 b - a +4 ring mail of fire resistance (worn)
 e - a +2 buckler of cold resistance (worn)
 h - a +2 buckler of reflection
 n - a +2 cloak (worn)
 u - a +0 shield
 x - a +2 chain mail of poison resistance
 R - the +2 leather armour "Alacwuescho" {rF- Regen+ Str+4}
   (You found it on level 1 of the Lair of Beasts)

   It affects your strength (+4).
   It makes you vulnerable to fire.
   It increases your rate of regeneration.
 T - the +1 robe of Pleasant Breezes {*Contam rF+ Int+6 Stlth+, unknown}
   (You found it on level 4 of the Lair of Beasts)

   It affects your intelligence (+6).
   It protects you from fire.
   It causes magical contamination when unequipped.
   It makes you more stealthy.
 X - the +0 mask of the Dragon (worn) {MR+ Slay+3 SInv}
   (You found it on level 3 of the Lair of Beasts)

   It affects your accuracy and damage with ranged weapons and melee attacks
   (+3).
   It affects your resistance to hostile enchantments.
   It lets you see invisible.
 Y - a scarf of resistance
Jewellery
 g - an uncursed ring of stealth
 j - a +3 ring of intelligence
 k - a +1 ring of slaying (left hand)
 o - an uncursed ring of flight
 B - an uncursed ring of protection from magic
 H - a ring of poison resistance (right hand)
 N - an uncursed ring of see invisible
Wands
 s - a wand of paralysis (11)
 I - a wand of flame (12)
 J - a wand of iceblast (22)
 W - a wand of acid (5)
 Z - a wand of polymorph (10)
Scrolls
 f - a scroll of fear
 i - 4 scrolls of random uselessness
 l - 4 scrolls of teleportation
 m - 3 scrolls of amnesia
 p - 3 scrolls of fog {unknown}
 q - 13 scrolls of remove curse
 r - 2 scrolls of immolation
 t - 2 scrolls of blinking {unknown}
 y - 3 scrolls of magic mapping
 A - a scroll of holy word {unknown}
 C - 2 scrolls of noise {unknown}
 M - 2 scrolls of enchant armour {unknown}
 U - 2 scrolls of silence {unknown}
 V - 8 scrolls of identify
Potions
 v - 4 potions of agility
 w - 6 potions of curing
 z - a potion of magic {unknown}
 K - 3 potions of cancellation {unknown}
 L - 5 potions of degeneration {unknown}
 O - a potion of ambrosia {unknown}
 P - a potion of mutation {unknown}
 Q - 2 potions of flight {unknown}
 S - 2 potions of berserk rage {unknown}
Comestibles
 c - 17 chunks of flesh
 d - 27 rations


   Skills:
 + Level 12.3 Fighting
 - Level 1.8 Throwing
 + Level 5.4 Armour
 + Level 6.3 Dodging
 - Level 1.6 Stealth
 - Level 3.2 Shields
 * Level 15.4 Unarmed Combat
 - Level 5.0 Evocations


You had 10 spell levels left.
You knew the following spells:

 Your Spells              Type           Power        Failure   Level  Hunger
a - Blink                 Tloc           N/A          69%         2    ###....

Your spell library contained the following spells:

 Spells                   Type           Power        Failure   Level  Hunger
 Animate Skeleton         Necr           N/A          54%         1    ##.....
 Confusing Touch          Hex            #.....       54%         1    ##.....
 Corona                   Hex            #......      54%         1    ##.....
 Magic Dart               Conj           #...         54%         1    ##.....
 Pain                     Necr           #...         54%         1    ##.....
 Shock                    Conj/Air       #...         54%         1    ##.....
 Call Imp                 Summ           #.......     69%         2    ###....
 Ensorcelled Hibernation  Hex/Ice        #.....       69%         2    ###....
 Slow                     Hex            #.......     69%         2    ###....
 Confuse                  Hex            #.......     89%         3    ####...
 Conjure Flame            Conj/Fire      #.......     89%         3    ####...
 Dazzling Spray           Conj/Hex       #.....       89%         3    ####...
 Gell's Gravitas          Tloc           #.........   89%         3    ####...
 Inner Flame              Hex/Fire       #.......     89%         3    ####...
 Mephitic Cloud           Conj/Pois/Air  #.......     89%         3    ####...
 Portal Projectile        Hex/Tloc       #.....       89%         3    ####...
 Regeneration             Chrm/Necr      #.........   89%         3    ####...
 Tukima's Dance           Hex            #.......     89%         3    ####...
 Vampiric Draining        Necr           #.........   89%         3    ####...
 Airstrike                Air            #.........   100%        4    #####..
 Animate Dead             Necr           N/A          100%        4    #####..
 Cause Fear               Hex            #.........   100%        4    #####..
 Leda's Liquefaction      Hex/Erth       #.........   100%        4    #####..
 Petrify                  Tmut/Erth      #.......     100%        4    #####..
 Alistair's Intoxication  Tmut/Pois      #.......     100%        5    ######.
 Lightning Bolt           Conj/Air       #.........   100%        5    ######.
 Metabolic Englaciation   Hex/Ice        #.........   100%        5    ######.
 Venom Bolt               Conj/Pois      #.........   100%        5    ######.
 Yara's Violent Unravell  Hex/Tmut       #.........   100%        5    ######.


Dungeon Overview and Level Annotations

Branches:
Dungeon (10/15)            Temple (1/1) D:5            Lair (6/6) D:9
  Swamp (0/4) Lair:4        Snake (0/4) Lair:2      Volcano (visited)
  Slime: Lair:5-6       Orc: D:9-12

Altars:
Ashenzari
Cheibriados
Dithmenos
Elyvilon
Fedhas
Gozag
Hepliaklqana
Kikubaaqudgha
Makhleb
Nemelex Xobeh
Okawaru
Qazlal
Ru
Sif Muna
Trog
Uskayaw
Vehumet
Wu Jian
Xom
Yredelemnul
Zin
The Shining One

Shops:
D:4 [!*   D:5 [   D:9 =

Annotations:
Lair:5 exclusion: 4 oklob plants


Innate Abilities, Weirdness & Mutations

You have a pair of horns on your head.
You are partially covered in thin metallic scales. (AC +2)
You are slightly more attuned to the shadows.
You are immune to rotting.


Message History

* * * LOW HITPOINT WARNING * * *
You hit the death yak.
The death yak is lightly wounded.
The death yak gores you!
* * * LOW HITPOINT WARNING * * *
Okay, then.
As you read the scroll of teleportation, it crumbles to dust.
You feel strangely unstable.
You spin and attack the death yak.
You hit the death yak. You headbutt the death yak.
The death yak is moderately wounded.
The death yak closely misses you.
Some of the chunks of flesh in your inventory have rotted away.
You spin and attack the spiny frog repeatedly.
You punch the spiny frog! You headbutt the spiny frog!
The spiny frog is heavily wounded.
You hit the spiny frog.
The spiny frog is severely wounded.
The spiny frog stings you!
You die...

### #####.###### ###
####.......##.# ##.#
#.##.........###### #.########
..............#P#.#####...#..P###
...................P............#
......#..#..#.....Y..............
......#..###..PP@FY..............
....###### ####P...##............
....## #######.#.#..###### ......
######.# .....## #.# .....# ###
#..... ...... ♣♣#...


You could see 2 death yaks and a spiny frog (pinned).

Vanquished Creatures
  Erolcha (D:9)
  A hydra (Lair:1)
  A hell hog (Volcano)
  A death yak (Lair:6)
  2 oklob plants
  14 elephants
  2 salamanders (Volcano)
  A black mamba (Lair:2)
  A kobold demonologist (D:9)
  A rime drake (Lair:1)
  8 spiny frogs
  7 komodo dragons
  A troll (D:10)
  5 polar bears (Lair:6)
  9 hornets
  5 hippogriffs
  5 dream sheep
  A blink frog (Lair:6)
  3 slime creatures (D:9)
  3 bog bodies
  10 spriggans (Lair:6)
  25 yaks
  2 wyverns (D:8)
  A basilisk (Lair:4)
  2 fire bats (Volcano)
  2 hungry ghosts (D:7)
  Edmund (D:6)
  A swamp worm (Lair:4)
  7 water moccasins
  11 porcupines
  A hell hound (Volcano)
  A sky beast (D:10)
  3 orc warriors
  2 black bears
  A necrophage (D:9)
  5 ogres
  3 phantoms
  2 boggarts (Lair:6)
  29 wolves
  6 centaurs
  14 crocodiles
  16 big kobolds (D:9)
  11 bullfrogs
  A wyvern zombie (D:6)
  A wyvern skeleton (D:9)
  5 scorpions
  5 killer bees (D:8)
  9 wights
  3 electric eels
  3 howler monkeys
  A bullfrog zombie (D:9)
  5 crimson imps
  4 jellies
  8 hounds
  6 orc wizards
  2 iguanas
  10 worker ants
  7 hell rats
  A killer bee zombie (D:10)
  A hound zombie (D:5)
  2 hound skeletons
  A worker ant zombie (D:7)
  A gnoll (D:4)
  A howler monkey skeleton (D:4)
  13 adders
  2 shadow imps
  3 oozes
  3 adder skeletons
  6 worms
  3 dart slugs
  7 leopard geckos
  21 orcs
  2 ball pythons
  6 bats
  5 giant cockroaches
  12 goblins
  11 hobgoblins
  2 jackals (D:5)
  13 kobolds
  9 quokkas
  A ball python skeleton (D:4)
  4 frilled lizards
  2 leopard gecko skeletons (D:4)
  A quokka skeleton (D:5)
  11 rats
442 creatures vanquished.

Vanquished Creatures (others)
  2 two-headed ogres (Volcano)
  A centaur (Volcano)
  A bush (Lair:6)
  A fungus (Lair:6)
  10 plants
15 creatures vanquished.

Grand Total: 457 creatures vanquished

Notes
Turn   | Place    | Note
-------+----------+-------------------------------------------
     0 | D:1      | AlterAsc the Demonspawn Gladiator began the quest for the
                  | Orb.
     0 | D:1      | Reached XP level 1. HP: 16/16 MP: 1/1
   296 | D:1      | Reached skill level 3 in Unarmed Combat
   296 | D:1      | Gained mutation: You have a pair of small horns on your
                  | head. [demonic ancestry]
   296 | D:1      | Reached XP level 2. HP: 22/22 MP: 2/2
   871 | D:2      | Reached XP level 3. HP: 18/28 MP: 3/3
  1769 | D:2      | Reached XP level 4. HP: 34/34 MP: 4/4
  1800 | D:2      | Found a glowing silver altar of Zin.
  1800 | D:2      | Found a hide-covered altar of Uskayaw.
  1801 | D:2      | Found an opulent altar of Gozag.
  2025 | D:2      | Reached skill level 4 in Unarmed Combat
  2694 | D:3      | Gained mutation: You are immune to rotting. [demonic
                  | ancestry]
  2694 | D:3      | Reached XP level 5. HP: 41/41 MP: 5/5
  3008 | D:4      | Found a hazy altar of Hepliaklqana.
  3010 | D:4      | Found a basalt altar of Yredelemnul.
  3032 | D:4      | Found Yghebao's Distillery.
  3039 | D:4      | Bought a potion of heal wounds for 55 gold pieces
  3087 | D:4      | Found Kaecoyn's Assorted Antiques.
  3106 | D:4      | Reached skill level 5 in Unarmed Combat
  3240 | D:4      | Found Maimost's Armour Shoppe.
  3285 | D:4      | Gained mutation: You are slightly more attuned to the
                  | shadows. [demonic ancestry]
  3285 | D:4      | Reached XP level 6. HP: 36/48 MP: 6/6
  3479 | D:4      | Reached skill level 1 in Stealth
  3906 | D:5      | Entered Level 5 of the Dungeon
  4112 | D:5      | Reached XP level 7. HP: 55/55 MP: 7/7
  4136 | D:5      | Found Cewkasuh's Armour Emporium.
  4147 | D:5      | Reached skill level 6 in Unarmed Combat
  4182 | D:5      | Found a staircase to the Ecumenical Temple.
  4197 | Temple   | Entered the Ecumenical Temple
  4276 | Temple   | Became a worshipper of the Wu Jian Council
  5263 | D:6      | Reached skill level 5 in Fighting
  5263 | D:6      | Reached skill level 1 in Evocations
  5423 | D:6      | Noticed Edmund
  5510 | D:7      | Reached skill level 7 in Unarmed Combat
  5510 | D:7      | Reached XP level 8. HP: 27/62 MP: 9/9
  5739 | D:7      | Reached * piety under Wu Jian
  5773 | D:7      | Found a white marble altar of Elyvilon.
  5823 | D:7      | Noticed a hippogriff
  5832 | D:7      | Killed a hippogriff
  6144 | D:7      | Reached skill level 8 in Unarmed Combat
  7406 | D:7      | Learned a level 2 spell: Blink
  7465 | D:8      | Gained mutation: You are partially covered in thin metallic
                  | scales. (AC +2) [demonic ancestry]
  7465 | D:8      | Reached XP level 9. HP: 66/71 MP: 12/12
  7897 | D:8      | Reached skill level 9 in Unarmed Combat
  8489 | D:6      | Killed Edmund
  8634 | D:6      | Reached skill level 5 in Evocations
  9365 | D:8      | Reached skill level 10 in Unarmed Combat
  9407 | D:8      | Reached ** piety under Wu Jian
  9912 | D:9      | Found Dozathi's Jewellery Boutique.
  9916 | D:9      | Reached skill level 1 in Armour
  9997 | D:9      | Noticed Erolcha
 10003 | D:9      | Paralysed by Erolcha for 3 turns
 10014 | D:9      | Killed Erolcha
 10014 | D:9      | Reached XP level 10. HP: 44/80 MP: 13/13
 10199 | D:9      | Noticed an elephant
 10256 | D:9      | Killed an elephant
 10519 | D:9      | Found a staircase to the Lair.
 10632 | D:9      | Reached skill level 11 in Unarmed Combat
 10835 | D:9      | Found a burning altar of Makhleb.
 10918 | D:9      | Reached *** piety under Wu Jian
 10976 | D:9      | Noticed a rust devil
 11287 | D:9      | Found an ancient bone altar of Kikubaaqudgha.
 11310 | D:9      | Reached XP level 11. HP: 68/89 MP: 14/14
 12148 | D:9      | Noticed a sun demon
 12460 | D:10     | Entered Level 10 of the Dungeon
 13188 | D:10     | Reached **** piety under Wu Jian
 13694 | Lair:1   | Entered Level 1 of the Lair of Beasts
 13696 | Lair:1   | Reached skill level 12 in Unarmed Combat
 14237 | Lair:1   | Noticed a six-headed hydra
 14249 | Lair:1   | Killed a six-headed hydra
 14249 | Lair:1   | Reached skill level 5 in Armour
 14475 | Lair:1   | Got a shimmering leather armour
 14476 | Lair:1   | Identified the +2 leather armour "Alacwuescho" {rF- Regen+
                  | Str+4} (You found it on level 1 of the Lair of Beasts)
 14509 | Lair:1   | Reached skill level 5 in Dodging
 15355 | Lair:1   | Reached skill level 10 in Fighting
 15860 | Lair:2   | Identified the Papyrus of Aerial Envenoming
 15891 | Lair:2   | Found a staircase to the Snake Pit.
 16315 | Lair:2   | Reached XP level 12. HP: 47/97 MP: 15/15
 17141 | Lair:3   | Found the +0 mask of the Dragon {MR+ Slay+3 SInv}
 17166 | Lair:3   | Found a dark tunnel.
 17172 | Volcano  | Entered a volcano
 17235 | Volcano  | Killed a two-headed ogre
 17236 | Volcano  | Killed a two-headed ogre
 17336 | Volcano  | Noticed a hell hog
 17347 | Volcano  | Killed a hell hog
 17347 | Volcano  | Reached skill level 13 in Unarmed Combat
 19391 | Lair:4   | Got a colourful robe
 19546 | Lair:2   | Reached skill level 14 in Unarmed Combat
 20336 | Lair:4   | Reached ***** piety under Wu Jian
 20760 | Lair:4   | Found a staircase to the Swamp.
 21775 | Lair:5   | Gained mutation: You have a pair of horns on your head.
                  | [demonic ancestry]
 21775 | Lair:5   | Reached XP level 13. HP: 101/106 MP: 16/16
 22660 | Lair:6   | Entered Level 6 of the Lair of Beasts
 22839 | Lair:6   | Reached skill level 15 in Unarmed Combat
 23332 | Lair:6   | Reached skill level 1 in Shields
 24088 | Lair:6   | Slain by a spiny frog

Levels and vault maps discovered:
D:1:      dpeg_arrival_more_subterranean_lakeside_camping, layout_rooms,
          serial_rivers, chequers_serial_rivers_small_b,
          chequers_serial_rivers_micro_c, chequers_serial_rivers_small_a,
          chequers_serial_rivers_micro_a, minmay_crystal_room
D:2:      layout_loops_corners, gammafunk_temple_overflow_claw, first_ration
D:3:      layout_basic, serial_corexii_hall, chequers_hall_statues_corner_a,
          corexii_hall_statues_i, chequers_hall_statues_y,
          corexii_hall_statues_deadend
D:4:      layout_basic, nicolae_overflow_hidden_temple, serial_shops, shop,
          shop, shop, minmay_fractal_squares_diagonal_5
D:5:      cheibrodos_iron_armory, layout_basic,
          minmay_temple_entry_drinking_statues, serial_shops, shop
D:6:      layout_basic, uniq_edmund
D:7:      layout_rooms, elyvilon_altar_3, serial_rivers,
          chequers_serial_rivers_micro_c, chequers_serial_rivers_room_a,
          chequers_serial_rivers_micro_d, chequers_serial_rivers_small_3,
          chequers_serial_rivers_micro_b
D:8:      layout_layer_cave
D:9:      layout_roguey [special_room_kobold], nicolae_overflow_crystal_walls,
          david_lair_generic, hangedman_pestilent_swarm,
          minmay_shop_enchanted_jewellery, makhleb_heckhound_becter,
          uniq_erolcha
D:10:     layout_basic
Temple:   regret_index_temple_generic_petals
Lair:1:   layout_hall_layers, serial_bayou_shore_b, grunt_megastairs_1
Lair:2:   layout_regular_city, dummy_snake_entry,
          chequers_serial_rivers_large_a, grunt_megastairs_5
Lair:3:   layout_cave_shapes, nicolae_volcano_entry_two_sided
Lair:4:   layout_gridlike, nicolae_swamp_entry_splash_gauntlet,
          grunt_megastairs_4, lemuel_fruit_tree
Lair:5:   layout_small_grid, minmay_slime_entry_oklob_enclosed,
          infiniplex_staircase_pool_2, serial_bayou_shore_a, grunt_megastairs_3
Lair:6:   minmay_lair_end_enchanted_forest, layout_layer_cave, basic_altar

Skill      XL: |  1  2  3  4  5  6  7  8  9 10 11 12 13 |
---------------+----------------------------------------+-----
Unarmed Combat | 3 4 5 7 8 10 11 12 14 15 | 15.4
Fighting       | 3 4 5 6 8 9 10 11 12 | 12.3
Stealth        | 1 |  1.6
Evocations     | 2 4 5 |  5.0
Armour         | 2 3 5 |  5.4
Dodging        | 3 5 6 |  6.3
Shields        | 3 |  3.2
Throwing       | |  1.8

Action                   |  1- 3 |  4- 6 |  7- 9 | 10-12 | 13-15 || total
-------------------------+-------+-------+-------+-------+-------++-------
Melee: Unarmed           |   134 |   284 |   490 |   913 |   282 ||  2103
       Headbutt          |    16 |    54 |    98 |   199 |    59 ||   426
       Punch             |     1 |    10 |    18 |    50 |    10 ||    89
Invok: Lunge             |       |       |    23 |    38 |    15 ||    76
       Whirlwind         |       |       |    12 |    43 |    10 ||    65
Evoke: Wand              |       |       |     8 |     2 |       ||    10
  Use: Scroll            |       |     3 |     4 |     7 |     2 ||    16
       Potion            |       |       |     1 |     1 |     1 ||     3
 Stab: Paralysed         |       |       |    15 |       |       ||    15
       Sleeping          |       |       |       |     2 |     3 ||     5
       Distracted        |       |       |       |     1 |       ||     1
  Eat: Chunk             |     3 |     7 |    18 |    20 |     5 ||    53
       Ration            |       |       |     3 |     5 |     1 ||     9
Armor: Leather armour    |    29 |     4 |       |       |       ||    33
       Ring mail         |       |    56 |       |    92 |    85 ||   233
       Chain mail        |       |    45 |   260 |   313 |       ||   618
Dodge: Dodged            |    78 |   144 |   173 |   332 |   135 ||   862
Block: Buckler           |       |       |       |       |    27 ||    27
